 Dungeon Crawl Stone Soup version 0.29-a0-222-g5b244fca1f (webtiles) character file.

Game seed: 8393528315747379195

3192 Azmakalis the Tainter (level 9, 0/51 HPs)
             Began as an Octopode Venom Mage on Feb 27, 2022.
             Was an Elder of Vehumet.
             Slain by a centaur
             ... wielding a +0 spear
              (2 damage)
             ... in a bailey.
             The game lasted 00:34:43 (10358 turns).

Azmakalis the Tainter (Octopode Venom Mage)        Turns: 10358, Time: 00:34:44

Health: 0/51       AC:  1    Str:  7    XL:     9   Next: 96%
Magic:  13/16      EV: 13    Int: 21    God:    Vehumet [****..]
Gold:   572        SH:  0    Dex: 13    Spells: 2/16 levels left

rFire   + + .      SeeInvis .   A - +0 trident
rCold   + + .      Faith    +   (no shield)
rNeg    . . .      Spirit   .   (helmet restricted)
rPois   +          Reflect  .   p - amulet of faith {Faith, !P}
rElec   .          Harm     .   I - ring of protection from cold
rCorr   .          Rampage  .   F - ring of protection from fire
Will    .....                   m - ring of protection from fire
Stlth   +++.......              e - ring of flight
HPRegen 0.17/turn               P - ring of poison resistance
MPRegen 0.15/turn               (no ring)
                                (no ring)
                                (no ring)

@: flying
A: almost no armour, amphibious, 8 rings, camouflage 1, gelatinous body 1,
(nimble swimmer 1), tentacles, cold resistance 1, high MP 1
a: Renounce Religion


You were in a bailey.
You worshipped Vehumet.
Vehumet was greatly pleased with you.
You visited 2 branches of the dungeon, and saw 8 of its levels.
You also visited: Sewer and Bailey.

You collected 572 gold pieces.

Inventory:

Hand Weapons
 A - a +0 trident (weapon)
Armour
 w - a +2 kite shield
Magical Staves
 f - a staff of earth
Jewellery
 e - a ring of flight (on tentacle)
 m - a ring of protection from fire (on tentacle)
 p - an amulet of faith (around mantle) {Faith, !P}
 y - a ring of ice {rC+, rF-}
 F - a ring of protection from fire (right tentacle)
 I - a ring of protection from cold (left tentacle)
 P - a ring of poison resistance (on tentacle)
Wands
 i - a wand of polymorph (2)
 x - a wand of iceblast (15)
 D - a wand of digging (7)
Scrolls
 a - 2 scrolls of fog {unknown}
 b - a scroll of immolation {unknown}
 k - 2 scrolls of enchant weapon
 n - 2 scrolls of noise {!r}
 q - 2 scrolls of vulnerability {!r!r}
 s - 3 scrolls of magic mapping {!r}
 t - 3 scrolls of teleportation
 u - 3 scrolls of fear {unknown}
Potions
 c - 5 potions of curing
 g - a potion of heal wounds
 h - a potion of invisibility {unknown}
 j - a potion of attraction {unknown}
 l - a potion of berserk rage {unknown}
 r - a potion of might {unknown}
 v - 4 potions of flight
 z - a potion of ambrosia {unknown}


   Skills:
 - Level 2.0 Dodging
 - Level 2.6 Stealth
 - Level 4.1 Spellcasting
 - Level 5.0 Conjurations
 + Level 2.1 Hexes
 - Level 1.0 Transmutations
 - Level 4.1 Air Magic
 - Level 10.1 Poison Magic
 - Level 8.0 Evocations


You had 2 spell levels left.
You knew the following spells:

 Your Spells              Type           Power      Damage    Failure   Level
a - Sting                 Tmut/Pois      100%       1d8       1%          1
b - Poisonous Vapours     Pois/Air       68%        N/A       1%          2
c - Olgreb's Toxic Radia  Pois           46%        N/A       1%          4
d - Fulminant Prism       Conj/Hex       9%         3d7       7%          4
x - Mephitic Cloud        Conj/Pois/Air  31%        N/A       1%          3

Your spell library contained the following spells:

 Spells                   Type           Power      Damage    Failure   Level
 Summon Small Mammal      Summ           16%        N/A       12%         1
 Summon Guardian Golem    Hex/Summ       8%         N/A       22%         3
 Call Canine Familiar     Summ           4%         N/A       34%         3


Dungeon Overview and Level Annotations

Branches:
Dungeon (7/15)             Temple (1/1) D:4           Sewer (visited)
 Bailey (1/1)

Altars:
Ashenzari
Cheibriados
Dithmenos
Elyvilon
Fedhas
Gozag
Hepliaklqana
Kikubaaqudgha
Makhleb
Nemelex Xobeh
Okawaru
Qazlal
Ru
Sif Muna
Trog
Uskayaw
Vehumet
Wu Jian
Xom
Yredelemnul
Zin

Annotations:
D:6 2 transporters, raistware's ghost, novice DrCj


Innate Abilities, Weirdness & Mutations

You cannot wear most types of armour.
You are amphibious.
You can wear up to eight rings at the same time.
Your skin changes colour to match your surroundings (Stealth+).
Your rubbery body absorbs attacks. (AC +1, EV +1)
((You are camouflaged when in or above water. (Stealth+)))
You have tentacles for arms and can constrict up to eight enemies at once.
Your flesh is cold resistant. (rC+)
You have an increased reservoir of magic. (+10% MP)


Message History

The centaur shouts!
You now have 14/16 mp.
Aim: a centaur, wielding a +0 spear, wearing a +0 ring mail and quivering javelins (lightly wounded, very poisoned) Poisonous vapours surround the centaur!
The centaur looks as sick as possible!
The centaur throws a javelin.
The javelin closely misses you.
You now have 12/16 mp.
Things that are here:
a +0 spear; a +0 scale mail; an orc corpse The centaur throws a javelin.
The javelin barely misses you.
The centaur throws a javelin.
The javelin pierces through you.
You take 3 damage, and have 42/51 hp.
The centaur hits you with a +0 spear. The centaur barely misses you.
You take 6 damage, and have 36/51 hp.
You barely miss the centaur. The centaur hits you with a +0 spear!
The centaur kicks you. The centaur hits you with a +0 spear.
* * * LOW HITPOINT WARNING * * *
The centaur misses you.
You take 11 damage, and have 25/51 hp.
MASSIVE DAMAGE!!
You closely miss the centaur. The centaur closely misses you.
The centaur barely misses you. The centaur hits you with a +0 spear.
* * * LOW HITPOINT WARNING * * *
The centaur kicks you.
* * * LOW HITPOINT WARNING * * *
You take 6 damage, and have 19/51 hp.
You hit the centaur. The centaur hits you with a +0 spear.
* * * LOW HITPOINT WARNING * * *
The centaur barely misses you. The centaur closely misses you. x2
You take 5 damage, and have 14/51 hp.
You hit the centaur. The centaur closely misses you. The centaur kicks you.
* * * LOW HITPOINT WARNING * * *
The centaur barely misses you. The centaur kicks you.
* * * LOW HITPOINT WARNING * * *
You take 3 damage, and have 11/51 hp.
You hit the centaur but do no damage. The centaur hits you with a +0 spear!
* * * LOW HITPOINT WARNING * * *
The centaur kicks you.
* * * LOW HITPOINT WARNING * * *
The centaur hits you with a +0 spear.
You die...

.≈≈≈≈≈≈≈....≈≈)≈≈#..##.
≈≈≈≈≈≈≈)≈≈≈...#####..#.≈
≈≈≈≈≈≈≈≈)≈≈≈).....'..#.≈
≈≈≈≈!):≈≈≈≈≈....))'..#.≈
≈≈≈≈≈≈≈≈≈≈≈≈.....)').#.≈
≈≈≈≈≈≈≈≈≈≈≈...#####..#.≈
..≈≈≈≈≈≈≈))..≈≈)≈≈#..##.
.............≈)≈≈≈#..⌠#.
⌠......@..⌠.≈≈.≈≈≈#...#.
......c.....≈.≈≈≈≈#...#.
≈.....)...≈≈≈.≈≈≈≈#...##
≈≈≈.....≈≈≈..≈≈≈≈≈#....#
..≈≈≈≈≈≈≈..≈≈≈≈≈≈≈#.....
≈≈.......≈≈≈≈≈≈≈≈###....
≈≈≈≈≈≈≈≈≈≈≈≈≈≈≈≈ ##...
≈≈≈≈≈≈≈≈≈≈≈≈≈≈≈ ##≈≈ ###


You could see a centaur (very poisoned).

Levels and vault maps discovered:
D:1:      ldierk_walled_garden_2, layout_basic,
          hellmonk_ecumenical_altar_pennies_from_heaven, minmay_pentomino_w4
D:2:      layout_basic, minivault_26
D:3:      layout_basic, old_standard_altar, chequers_temple_overflow_minitemple,
          gammafunk_ghost_split, minmay_misc_feat_four_crosses
D:4:      layout_layer_cave, temple_statues
D:5:      layout_rooms, marbit_many_paths, gup_sewer_entry_glass
D:6:      layout_basic, gammafunk_ghost_arena
D:7:      layout_basic, amcnicky_altar_gilded, enter_bailey_5,
          uniq_crazy_yiuf_cottage
Temple:   regret_index_temple_generic_petals
Bailey:   bailey_polearm_flooded_kennysheep, bailey

Notes
Turn   | Place    | Note
-------+----------+-------------------------------------------
     0 | D:1      | Azmakalis the Octopode Venom Mage began the quest for the
                  | Orb.
     0 | D:1      | Reached XP level 1. HP: 11/11 MP: 3/3
    70 | D:1      | Identified a ring of protection from cold
   142 | D:1      | Identified a +0 short sword
   144 | D:1      | Identified a +0 dagger
   152 | D:1      | Reached skill level 4 in Poison Magic
   165 | D:1      | Identified a +0 club
   196 | D:1      | Reached XP level 2. HP: 12/17 MP: 1/5
   199 | D:1      | Learned a level 2 spell: Poisonous Vapours
   368 | D:1      | Identified a +0 dagger
   378 | D:1      | Identified a +0 spear
   493 | D:1      | Identified a +0 hand axe
   508 | D:1      | Identified a +0 dagger
   662 | D:1      | Found a faded altar of an unknown god.
   679 | D:1      | Reached skill level 5 in Poison Magic
   679 | D:1      | Reached XP level 3. HP: 14/21 MP: 6/6
   781 | D:1      | Identified a +0 whip
   863 | D:1      | Identified a +0 short sword
   994 | D:1      | Identified a +0 robe
  1033 | D:2      | Learned a level 3 spell: Mephitic Cloud
  1074 | D:2      | Identified a ring of protection from fire
  1259 | D:2      | Identified a +0 dagger
  1470 | D:2      | Identified a +0 whip
  1748 | D:2      | Identified a +0 whip
  1762 | D:2      | Identified a +0 club
  1793 | D:2      | Identified a +0 whip
  2086 | D:3      | Identified a +0 dagger
  2109 | D:3      | Reached XP level 4. HP: 9/27 MP: 1/7
  2110 | D:3      | HP: 6/27 [poisoned by an adder]
  2385 | D:3      | Found a runed translucent gate.
  2390 | D:3      | Found a runed translucent gate.
  2390 | D:3      | Found a runed translucent gate.
  2390 | D:3      | Identified a +0 flail
  2390 | D:3      | Identified a +1 ring mail of willpower
  2391 | D:3      | Noticed dricus's ghost (amateur GnWn)
  2393 | D:3      | Identified a +0 robe
  2405 | D:3      | Reached skill level 6 in Poison Magic
  2526 | D:3      | Identified an amulet of faith
  2638 | D:3      | Found a broken altar of Ashenzari.
  2638 | D:3      | Found a hide-covered altar of Uskayaw.
  2645 | D:3      | Found a faded altar of an unknown god.
  2647 | D:3      | Found an ornate altar of the Wu Jian Council.
  2649 | D:3      | Found a blossoming altar of Fedhas.
  2699 | D:3      | Found a shimmering altar of Xom.
  2706 | D:3      | Identified a +0 club
  2722 | D:3      | Identified a +0 spear
  2967 | D:3      | Identified the +0 leather armour of Mewea {rF+ Slay+2
                  | Stlth+}
  3046 | D:4      | Identified a +0 dagger
  3054 | D:4      | Noticed a scorpion
  3061 | D:4      | Killed a scorpion
  3062 | D:4      | Reached XP level 5. HP: 31/31 MP: 3/8
  3143 | D:4      | Identified a +0 dagger
  3168 | D:4      | Identified a +0 robe
  3498 | D:4      | Identified a +0 dagger
  3837 | D:4      | Identified a +0 whip
  3838 | D:4      | Identified a +0 whip
  3893 | D:4      | Identified a +0 long sword
  3934 | D:4      | Found a staircase to the Ecumenical Temple.
  3938 | Temple   | Entered the Ecumenical Temple
  4135 | Temple   | Became a worshipper of Vehumet
  4173 | D:4      | Identified a ring of flight
  4252 | D:4      | Reached skill level 7 in Poison Magic
  4374 | D:4      | Identified a +0 whip
  4374 | D:4      | Identified a +0 robe
  4381 | D:4      | Identified a +0 spear
  4398 | D:4      | HP: 7/31 [gnoll/+0 spear (8)]
  4399 | D:4      | Identified 3 potions of heal wounds
  4488 | D:4      | Identified a +0 flail
  4720 | D:4      | Identified 4 scrolls of identify
  4720 | D:4      | Identified 4 potions of curing
  4721 | D:4      | Identified 3 scrolls of teleportation
  4786 | D:4      | Identified a +0 dagger
  4799 | D:4      | Identified a +0 flail
  4925 | D:5      | Entered Level 5 of the Dungeon
  4990 | D:4      | Reached XP level 6. HP: 36/36 MP: 0/9
  5031 | D:5      | Found a glowing drain.
  5111 | D:5      | Reached skill level 8 in Poison Magic
  5126 | Sewer    | Entered a sewer
  5344 | Sewer    | HP: 9/36 [ball python (2)]
  5591 | Sewer    | Reached * piety under Vehumet
  5591 | Sewer    | Offered knowledge of Shock by Vehumet.
  5962 | Sewer    | Learned a level 4 spell: Olgreb's Toxic Radiance
  6121 | Sewer    | Reached skill level 3 in Spellcasting
  6321 | D:5      | Noticed a black bear
  6323 | D:5      | Noticed a water moccasin
  6353 | D:5      | Identified a +2 kite shield
  6389 | D:5      | Identified a ring of poison resistance
  6439 | D:5      | Identified a +0 club
  6533 | D:5      | Identified a scarf of invisibility
  6620 | D:5      | Noticed a water moccasin
  6622 | D:5      | Killed a water moccasin
  6623 | D:5      | Reached skill level 4 in Spellcasting
  6623 | D:5      | Reached XP level 7. HP: 36/41 MP: 10/13
  6678 | D:5      | Reached skill level 1 in Air Magic
  6688 | D:5      | Reached skill level 2 in Air Magic
  6695 | D:5      | Reached skill level 3 in Air Magic
  6751 | D:5      | Reached skill level 4 in Air Magic
  6792 | D:5      | Identified a +0 robe
  6834 | D:5      | Identified a +0 club
  6834 | D:5      | Identified a +0 scale mail
  6850 | D:5      | Found a snail-covered altar of Cheibriados.
  6853 | D:5      | Offered knowledge of Sandblast by Vehumet.
  7010 | D:5      | Identified a +0 spear
  7014 | D:5      | Identified a +0 spear
  7016 | D:5      | Reached ** piety under Vehumet
  7017 | D:5      | Identified a +0 whip
  7134 | D:5      | Reached XP level 8. HP: 33/46 MP: 9/14
  7535 | D:6      | Reached skill level 9 in Poison Magic
  7614 | D:6      | Found a transporter.
  7634 | D:6      | Noticed raistware's ghost (novice DrCj)
  7636 | D:6      | Noticed a troll
  7647 | D:6      | Identified a +0 giant spiked club
  7665 | D:6      | Found a transporter.
  7694 | D:6      | Identified a ring of ice
  7704 | D:6      | Identified 3 scrolls of magic mapping
  7705 | D:6      | Identified 2 potions of mutation
  7706 | D:6      | Gained mutation: Your spells are a little easier to cast,
                  | but a little less powerful. [potion of mutation]
  7706 | D:6      | Gained mutation: Your mind is acute. (Int +2) [potion of
                  | mutation]
  7706 | D:6      | Gained mutation: You are partially covered in large bone
                  | plates. (SH +4) [potion of mutation]
  7707 | D:6      | Lost mutation: You are partially covered in large bone
                  | plates. (SH +4) [potion of mutation]
  7707 | D:6      | Lost mutation: Your spells are a little easier to cast, but
                  | a little less powerful. [potion of mutation]
  7707 | D:6      | Lost mutation: Your mind is acute. (Int +2) [potion of
                  | mutation]
  7707 | D:6      | Gained mutation: Your flesh is cold resistant. (rC+)
                  | [potion of mutation]
  7707 | D:6      | Gained mutation: You have an increased reservoir of magic.
                  | (+10% MP) [potion of mutation]
  7731 | D:6      | Identified a +0 club
  7731 | D:6      | Identified a +0 robe
  7735 | D:6      | Identified a +0 dagger
  7735 | D:6      | Identified a +0 leather armour
  7737 | D:6      | Identified a +0 club
  7737 | D:6      | Identified a +0 plate armour
  7741 | D:6      | Identified a +0 short sword
  7888 | D:6      | Identified a +0 short sword
  7892 | D:6      | Identified a +0 short sword
  7896 | D:6      | Identified a +0 short sword
  7898 | D:6      | Identified a +0 dagger
  7899 | D:6      | Identified a +0 short sword
  8119 | D:6      | Identified a +0 leather armour
  8119 | D:6      | Identified a +0 broad axe
  8224 | D:6      | Identified a +0 giant club
  8241 | D:6      | Reached skill level 10 in Poison Magic
  8386 | D:6      | Identified a +0 dagger
  8415 | D:6      | Reached skill level 2 in Conjurations
  8785 | D:3      | Offered knowledge of Frozen Ramparts by Vehumet.
  8825 | D:3      | HP: 8/46 [dricus's ghost (5)]
  8826 | D:3      | Killed dricus's ghost
  8827 | D:3      | Reached skill level 2 in Evocations
  8844 | D:3      | Identified 2 scrolls of enchant weapon
  8845 | D:3      | Identified 2 scrolls of vulnerability
  8846 | D:3      | Identified 2 scrolls of noise
  9166 | D:7      | Found an ancient bone altar of Kikubaaqudgha.
  9213 | D:7      | Identified a +0 spear
  9213 | D:7      | Identified a +0 spear
  9214 | D:7      | Found a flagged portal.
  9215 | D:7      | Identified a +0 spear
  9215 | D:7      | Identified a +0 spear
  9237 | D:7      | Reached skill level 3 in Evocations
  9259 | D:7      | Identified a +0 club
  9269 | D:7      | Reached *** piety under Vehumet
  9273 | D:7      | Identified a +0 club
  9288 | D:7      | Identified a +0 spear
  9316 | Bailey   | Entered a bailey
  9316 | Bailey   | Identified a +0 halberd
  9316 | Bailey   | Identified a +0 ring mail
  9316 | Bailey   | Identified a +0 halberd
  9316 | Bailey   | Identified a +0 ring mail
  9316 | Bailey   | Identified a +0 halberd
  9316 | Bailey   | Identified a +0 chain mail
  9316 | Bailey   | Identified a +0 trident
  9316 | Bailey   | Identified a +0 scale mail
  9316 | Bailey   | Identified a +0 spear
  9316 | Bailey   | Identified a +0 chain mail
  9318 | Bailey   | Identified a +0 trident
  9318 | Bailey   | Identified a +0 scale mail
  9319 | Bailey   | Identified a +0 trident
  9319 | Bailey   | Identified a +0 ring mail
  9320 | Bailey   | Identified a +0 halberd
  9320 | Bailey   | Identified a +0 scale mail
  9320 | Bailey   | Identified a +0 spear
  9320 | Bailey   | Identified a +0 chain mail
  9324 | Bailey   | Identified a +0 trident
  9324 | Bailey   | Identified a +0 ring mail
  9330 | Bailey   | Reached skill level 4 in Evocations
  9330 | Bailey   | Reached XP level 9. HP: 29/51 MP: 3/16
  9452 | Bailey   | Identified a +0 spear
  9452 | Bailey   | Identified a +0 chain mail
  9467 | Bailey   | Identified a +0 trident
  9467 | Bailey   | Identified a +0 chain mail
  9468 | Bailey   | Reached skill level 5 in Evocations
  9484 | Bailey   | Identified a +0 halberd
  9484 | Bailey   | Identified a +0 chain mail
  9503 | Bailey   | Identified a +0 glaive
  9503 | Bailey   | Identified a +0 chain mail
  9520 | Bailey   | Reached skill level 3 in Conjurations
  9725 | Bailey   | Identified a +0 trident
  9725 | Bailey   | Identified a +0 ring mail
  9725 | Bailey   | Identified a +0 trident
  9725 | Bailey   | Identified a +0 chain mail
  9729 | Bailey   | Identified a +0 spear
  9729 | Bailey   | Identified a +0 chain mail
  9730 | Bailey   | Offered knowledge of Fulminant Prism by Vehumet.
  9733 | Bailey   | Reached skill level 4 in Conjurations
  9790 | Bailey   | Identified a +0 trident
  9790 | Bailey   | Identified a +0 chain mail
  9791 | Bailey   | Identified a +0 halberd
  9791 | Bailey   | Identified a +0 ring mail
  9873 | Bailey   | Identified a +0 spear
  9873 | Bailey   | Identified a +0 plate armour
  9877 | Bailey   | Identified a +0 halberd
  9877 | Bailey   | Identified a +0 chain mail
  9888 | Bailey   | Reached skill level 5 in Conjurations
  9934 | Bailey   | Identified a +0 glaive
  9934 | Bailey   | Identified a +0 plate armour
  9974 | Bailey   | Identified a +0 glaive
  9974 | Bailey   | Identified a +0 plate armour
  9991 | Bailey   | Reached skill level 6 in Evocations
 10050 | Bailey   | Identified a +0 trident
 10050 | Bailey   | Identified a +0 scale mail
 10056 | Bailey   | Identified a +0 trident
 10056 | Bailey   | Identified a +0 chain mail
 10061 | Bailey   | Identified a +0 halberd
 10061 | Bailey   | Identified a +0 scale mail
 10066 | Bailey   | Identified a +0 trident
 10066 | Bailey   | Identified a +0 chain mail
 10066 | Bailey   | Identified a +0 spear
 10066 | Bailey   | Identified a +0 ring mail
 10068 | Bailey   | Identified a +0 spear
 10068 | Bailey   | Identified a +0 scale mail
 10068 | Bailey   | Identified a +0 halberd
 10068 | Bailey   | Identified a +0 plate armour
 10071 | Bailey   | Identified a +0 trident
 10071 | Bailey   | Identified a +0 ring mail
 10081 | Bailey   | Reached skill level 7 in Evocations
 10173 | Bailey   | Identified a +0 trident
 10173 | Bailey   | Identified a +0 ring mail
 10175 | Bailey   | Identified a +0 trident
 10175 | Bailey   | Identified a +0 chain mail
 10186 | Bailey   | Identified a +0 glaive
 10186 | Bailey   | Identified a +0 chain mail
 10187 | Bailey   | Identified a +0 spear
 10187 | Bailey   | Identified a +0 scale mail
 10188 | Bailey   | Identified a +0 halberd
 10188 | Bailey   | Identified a +0 plate armour
 10191 | Bailey   | Identified a +0 glaive
 10191 | Bailey   | Identified a +0 scale mail
 10197 | Bailey   | Reached **** piety under Vehumet
 10201 | Bailey   | Reached skill level 8 in Evocations
 10206 | Bailey   | Learned a level 4 spell: Fulminant Prism
 10294 | Bailey   | Identified a +0 spear
 10294 | Bailey   | Identified a +0 ring mail
 10296 | Bailey   | Reached skill level 1 in Hexes
 10307 | Bailey   | Reached skill level 2 in Hexes
 10347 | Bailey   | Identified a +0 spear
 10347 | Bailey   | Identified a +0 ring mail
 10357 | Bailey   | HP: 11/51 [centaur/+0 spear (2)]
 10358 | Bailey   | HP: 3/51 [centaur/+0 spear (8)]
 10358 | Bailey   | Slain by a centaur

Table legend: (Time is in decaauts)
 A = Elapsed time spent in this place.
 B = Non-inter-level travel time spent in this place.
 C = Inter-level travel time spent in this place.
 D = Time resting spent in this place.
 E = Time spent auto-exploring this place.
 F = Levels seen in this place.
 G = Mean time per level.
                   A        B        C        D        E       F      G
               +--------+--------+--------+--------+--------+-----+--------+
         Total |  10400 |   9970 |    430 |    611 |   7381 |  10 | 1040.0 |
       Dungeon |   7934 |   7532 |    402 |    184 |   6032 |   7 | 1133.4 |
        Temple |    229 |    201 |     28 |      0 |    182 |   1 |  229.0 |
         Sewer |   1191 |   1191 |      0 |    193 |    657 |   1 | 1191.0 |
        Bailey |   1045 |   1045 |      0 |    234 |    510 |   1 | 1045.0 |
               +--------+--------+--------+--------+--------+-----+--------+

Top non-repeatable levels by time:
     D:4: 1822 daAuts
     D:6: 1325 daAuts
     D:3: 1296 daAuts
     D:5: 1246 daAuts
   Sewer: 1191 daAuts
     D:2: 1059 daAuts
  Bailey: 1045 daAuts
     D:1: 1031 daAuts
  Temple: 229 daAuts
     D:7: 153 daAuts

Table legend:
 A = Kills in this place as a percentage of kills in entire the game.
 B = Kills by you in this place as a percentage of kills by you in the entire game.
 C = Kills by friends in this place as a percentage of kills by friends in the entire game.
 D = Other kills in this place as a percentage of other kills in the entire game.
 E = Experience gained in this place as a percentage of experience gained in the entire game.
 F = Experience gained in this place divided by the number of levels of this place that you have seen.
                   A       B       C       D       E      F
               +-------+-------+-------+-------+-------+----------------------
         Total | 100.0 | 100.0 |   N/A | 100.0 | 100.0 | 456.0
       Dungeon |  63.4 |  64.6 |   N/A |  20.0 |  46.4 | 302.1
         Sewer |  15.8 |  16.3 |   N/A |   0.0 |   3.1 | 141.0
        Bailey |  20.8 |  19.1 |   N/A |  80.0 |  50.5 | 2304.0
               +-------+-------+-------+-------+-------+----------------------

Skill      XL: |  1  2  3  4  5  6  7  8  9 |
---------------+----------------------------+-----
Poison Magic   | 4 5 6 7 8 10 | 10.1
Spellcasting   | 4 |  4.1
Air Magic      | 4 |  4.1
Conjurations   | 2 5 |  5.0
Evocations     | 4 8 |  8.0
Hexes          | 2 |  2.1
Dodging        | |  2.0
Stealth        | |  2.6
Transmutations | |  1.0

Action                   |  1- 3 |  4- 6 |  7- 9 || total
-------------------------+-------+-------+-------++-------
Melee: Unarmed           |    10 |       |       ||    10
       Constrict         |    20 |    23 |    11 ||    54
       Short sword       |     8 |       |       ||     8
       Tentacles         |    12 |    20 |    25 ||    57
       Spear             |    67 |   122 |    94 ||   283
       Punch             |     1 |     1 |       ||     2
       Trident           |       |       |    13 ||    13
 Cast: Sting             |     7 |     3 |       ||    10
       Poisonous Vapours |    15 |    57 |    71 ||   143
       Olgreb's Toxic Ra |       |     1 |    17 ||    18
       Mephitic Cloud    |       |     1 |     6 ||     7
Evoke: Wand              |       |     2 |     7 ||     9
  Use: Scroll            |       |     2 |     6 ||     8
       Potion            |       |     2 |     2 ||     4
 Stab: Sleeping          |     8 |    10 |     1 ||    19
       Distracted        |       |       |     2 ||     2
Armor: Skin              |     8 |    12 |     4 ||    24
Dodge: Dodged            |    47 |    64 |    59 ||   170

Vanquished Creatures
  2 water moccasins (D:5)
  11 orc warriors (Bailey)
  2 sky beasts
  A black bear (D:5)
  An ogre (D:6)
  The ghost of dricus the Firebug, an amateur GnWn of Zin (D:3)
  7 centaurs (Bailey)
  A kobold brigand (D:6)
  4 scorpions
  2 hounds (D:6)
  4 jellies
  A gnoll shaman (D:4)
  An orc wizard (D:6)
  12 gnolls
  3 river rats (Sewer)
  11 adders
  3 white imps
  An ufetubus (D:5)
  A worm (D:2)
  A dart slug (D:1)
  25 orcs
  17 bats
  5 endoplasms
  6 giant cockroaches
  10 goblins
  5 hobgoblins
  2 jackals (Sewer)
  7 quokkas
  7 ball pythons
  4 frilled lizards
  15 kobolds
  10 rats
183 creatures vanquished.

Vanquished Creatures (others)
  4 toadstools (D:1)
4 creatures vanquished.

Grand Total: 187 creatures vanquished
